Map: Ulzaan

Players

OpuS

  • Race: Protoss Protoss
  • League: Platinum
  • Spawn Location: 9:00

Sketchaphone

  • Race: Zerg Zerg
  • League: Platinum
  • Spawn Location: 11:00

Cyrus - Winner!

  • Race: Zerg Zerg
  • Spawn Location: 3:00

Wolf - Winner!

  • Race: Protoss Protoss
  • Spawn Location: 1:00

VOD

Have the link to the VOD?

Description

Time

  • Played on: Feb. 24, 2019, 9:04 p.m.
  • Length: 20:40
Show
View Real Time Build Order
Export as new Build Order

OpuS Protoss 

Build Orders: Oracle Opening 

Get SALT Encoding   

  12  0:00  Probe  
  13  0:13  Probe  
  14  0:21  Pylon  
  14  0:25  Probe  
  15  0:43  Gateway  
  15  0:45  Probe  
  16  0:53  Probe  
  16  0:55  Assimilator  
  16  0:59  Assimilator  
  16  1:03  Probe  
  18  1:15  Gateway  
  18  1:16  Probe  
  19  1:24  Probe  
  19  1:32  Cybernetics Core, Probe  
  21  1:46  Pylon  
  21  1:48  Probe  
  22  2:11  Stalker x2  
  22  2:12  Warp Gate  
  22  2:13  Probe  
  26  2:26  Pylon, Probe  
  27  2:39  Stargate  
  27  2:45  Adept x2  
  27  2:48  Probe  
  32  3:17  Nexus  
  32  3:21  Pylon, Oracle  
  35  3:39  Probe  
  36  3:48  Gateway  
  36  4:02  Twilight Council  
  36  4:04  Probe  
  37  4:37  Stalker x2, Probe  
  37  4:38  Probe  
  43  4:42  Void Ray  
  47  4:50  Probe x2  
  49  5:02  Stalker, Probe x2  
  53  5:07  Stalker  
  53  5:14  Probe  
  56  5:21  Probe  
  57  5:26  Probe  
  57  5:27  Stalker x2  
  62  5:33  Probe  
  62  5:35  Pylon  
  60  5:38  Probe  
  61  5:47  Shield Battery  
  61  5:48  Void Ray  
  61  6:01  Probe  
  61  6:02  Probe  
  67  6:04  Shield Battery  
  67  6:14  Probe x2  
  67  6:17  Charge  
  69  6:20  Protoss Air Weapons Level 1  
  69  6:21  Gateway  
  69  6:26  Probe  
  69  6:31  Assimilator  
  70  6:36  Assimilator  
  70  6:43  Pylon  
  70  6:47  Pylon  
  70  6:54  Nexus  
  70  6:59  Void Ray  
  70  7:01  Pylon, Probe x2  
  72  7:14  Probe x2  
  78  7:20  Gateway  
  78  7:26  Probe x2  
  70  7:34  Zealot x2  
  70  7:35  Zealot x2  
  70  7:41  Void Ray  
  70  7:44  Shield Battery  
  70  7:46  Shield Battery  
  70  7:47  Shield Battery  
  70  7:49  Shield Battery  
  74  8:01  Templar Archives  
  74  8:09  Dark Shrine  
  74  8:14  Stalker  
  74  8:15  Stalker  
  74  8:19  Stalker  
  80  8:20  Void Ray  
  80  8:26  Stalker x2  
  88  8:35  Probe x2  
  88  8:36  Probe  
  91  8:48  Psionic Storm  
  91  9:01  Robotics Facility  
  91  9:09  Probe x3  
  94  9:15  Pylon  
  94  9:21  Gateway  
  94  9:22  Gateway  
  94  9:23  Gateway  
  94  9:25  Probe x3  
  94  9:26  Gateway  
  97  9:38  Dark Templar x2  
  101  9:41  Dark Templar  
  101  9:45  Dark Templar  
  103  9:53  Dark Templar  
  98  10:12  Probe x3  
  101  10:14  Assimilator  
  101  10:19  Assimilator  
  101  10:20  Robotics Bay  
  95  10:34  High Templar  
  95  10:38  High Templar  
  95  10:39  High Templar  
  95  10:40  Zealot x4  
  95  10:41  Zealot  
  109  10:45  Pylon  
  109  10:46  Pylon  
  109  10:48  Pylon  
  108  10:50  Pylon  
  108  10:53  Pylon  
  108  11:00  Pylon  
  108  11:01  Pylon  
  108  11:05  Probe x3  
  110  11:17  Probe  
  103  11:18  High Templar x2  
  103  11:20  High Templar, Zealot  
  103  11:21  Zealot  
  111  11:30  Probe  
  111  11:31  Probe x2  
  113  11:43  Probe x2  
  111  11:50  Dark Templar x5  
  113  12:03  Colossus  
  113  12:06  Probe x2  
  113  12:07  Probe  
  122  12:18  Probe  
  122  12:21  Forge  
  122  12:22  Forge  
  117  12:25  Forge  
  117  12:27  Zealot x3  
  117  12:28  Zealot x3  
  117  12:29  Zealot x2  
  129  12:37  Nexus  
  129  12:44  Robotics Facility  
  129  12:49  Blink  
  129  12:50  Extended Thermal Lance  
  129  12:54  Dark Templar  
  129  12:55  Dark Templar x2  
  135  12:58  Protoss Ground Weapons Level 1  
  135  13:00  Protoss Ground Armor Level 1  
  135  13:11  Pylon  
  135  13:13  Pylon  
  135  13:16  High Templar, Assimilator  
  137  13:20  Assimilator  
  137  13:28  Colossus  
  93  13:45  Archon  
  79  13:50  Zealot x3  
  79  13:51  Zealot x2  
  79  13:52  Zealot x3  
  91  13:58  Probe x3  
  90  14:07  Gateway  
  90  14:10  Gateway  
  90  14:11  High Templar x2  
  90  14:12  High Templar x2, Gateway  
  90  14:13  High Templar  
  90  14:15  Gateway  
  100  14:18  Colossus  
  100  14:22  Colossus  
  106  14:34  Protoss Shields Level 1  
  112  14:41  Probe x3  
  112  14:42  Probe  
  116  14:47  Zealot x3  
  116  14:49  Zealot  
  124  14:53  Probe  
  124  14:58  High Templar  
  127  15:01  High Templar  
  127  15:03  Zealot x3  
  127  15:06  Probe x3  
  127  15:07  Probe  
  139  15:18  Probe x3  
  139  15:19  Zealot, Probe  
  139  15:20  Zealot x3  
  151  15:26  High Templar x2  
  155  15:30  Probe x2  
  155  15:31  Probe x2  
  157  15:44  Stalker  
  157  15:45  Stalker x5  
  131  16:09  Protoss Ground Weapons Level 2, Protoss Ground Armor Level 2, Zealot x4  
  131  16:10  Zealot x2  
  123  16:11  Zealot x2  
  123  16:12  Zealot x4  
  119  16:30  Protoss Shields Level 2  
  119  16:40  Nexus  
  81  17:11  Dark Templar x3  
  81  17:12  Dark Templar x2  
  81  17:13  Zealot x3  
  81  17:14  Zealot x4  
  77  17:37  Zealot x4  
  77  17:38  Zealot x3  
  80  17:49  Gateway  
  74  17:51  Gateway  
  74  17:52  Dark Templar  
  74  17:54  Gateway  
  74  17:56  Gateway  
  76  17:59  Zealot x4  
  76  18:00  Zealot  
  76  18:01  Zealot x2  
  18  19:08  Dark Templar x2  
  18  19:09  Dark Templar  
Show
View Real Time Build Order
Export as new Build Order

Sketchaphone Zerg 

Build Orders: Hatch First, Lurkers 

Get SALT Encoding   

  12  0:01  Drone  
  13  0:13  Overlord  
  13  0:18  Drone  
  14  0:31  Drone x2  
  16  0:36  Drone  
  17  0:58  Hatchery  
  16  1:09  Drone  
  16  1:10  Drone  
  18  1:12  Extractor  
  17  1:26  Spawning Pool  
  16  1:37  Drone x2  
  16  1:38  Drone  
  19  1:49  Overlord  
  20  2:01  Drone  
  20  2:16  Metabolic Boost  
  20  2:20  Hatchery  
  20  2:22  Drone x2  
  21  2:26  Drone  
  23  2:30  Drone  
  23  2:31  Drone  
  23  2:35  Drone  
  25  2:42  Queen  
  27  2:50  Overlord  
  27  2:56  Overlord  
  27  3:11  Extractor  
  26  3:18  Queen  
  30  3:24  Drone x2  
  30  3:25  Drone x4  
  36  3:33  Lair  
  34  3:37  Queen  
  36  3:50  Drone x4  
  36  3:55  Drone x4  
  44  3:57  Overlord  
  44  4:07  Drone x4  
  48  4:13  Overlord  
  48  4:19  Queen  
  50  4:24  Queen  
  50  4:26  Drone  
  53  4:42  Nydus Network  
  53  4:43  Roach Warren  
  51  4:54  Queen  
  51  4:56  Overlord  
  37  5:22  Roach x3  
  37  5:23  Roach x13  
  55  5:57  Drone x3  
  55  5:58  Drone x6  
  55  6:04  Hydralisk Den  
  63  6:13  Nydus Canal  
  63  6:35  Hydralisk  
  65  6:42  Queen x2  
  65  6:44  Queen  
  71  7:00  Evolution Chamber x2  
  69  7:11  Roach  
  69  7:12  Roach  
  69  7:13  Zergling x2  
  69  7:14  Overlord x4  
  74  7:22  Nydus Canal  
  74  7:31  Queen  
  76  7:50  Roach x10  
  72  8:22  Lurker Den  
  72  8:25  Drone x6  
  77  8:28  Extractor  
  77  8:29  Drone x4  
  77  8:30  Extractor  
  77  8:31  Drone  
  80  8:43  Overlord x2  
  80  8:55  Overlord  
  80  9:09  Overlord  
  80  9:11  Overlord  
  80  9:14  Overlord x2  
  80  9:22  Spore Crawler  
  79  9:24  Spore Crawler  
  79  9:27  Spore Crawler  
  79  9:31  Pneumatized Carapace, Spore Crawler  
  76  9:37  Hydralisk  
  78  9:51  Hydralisk x2  
  81  9:55  Ravager x3  
  81  9:56  Ravager  
  85  10:08  Hydralisk x2  
  89  10:17  Overlord  
  89  10:35  Glial Reconstitution  
  89  10:49  Lurker x2  
  93  10:50  Lurker x2  
  93  10:57  Drone x2  
  93  10:58  Drone x2  
  93  11:01  Overlord x3  
  97  11:22  Overlord x2  
  91  11:58  Grooved Spines  
  91  12:06  Zerg Melee Weapons Level 1  
  91  12:07  Zerg Ground Armor Level 1  
  91  12:12  Drone x4  
  91  12:13  Infestation Pit, Drone x5  
  100  12:15  Drone x2, Extractor  
  100  12:16  Drone  
  100  12:17  Extractor  
  100  12:54  Hydralisk x2  
  100  12:55  Hydralisk  
  100  12:57  Hydralisk  
  100  12:58  Hydralisk x2  
  110  12:59  Hydralisk x3  
  110  13:03  Zergling x12  
  110  13:04  Hive  
  124  13:17  Overseer  
  124  13:20  Overseer  
  124  13:26  Hydralisk x2  
  96  14:00  Zergling x16  
  96  14:01  Zergling x4  
  103  14:04  Zerg Melee Weapons Level 2  
  103  14:05  Zerg Ground Armor Level 2  
  103  14:11  Drone  
  103  14:12  Evolution Chamber, Drone  
  103  14:16  Overlord  
  104  14:19  Adrenal Glands  
  104  14:20  Muscular Augments  
  104  14:34  Roach x2  
  104  14:35  Roach  
  104  14:37  Viper  
  113  14:42  Lurker x2, Hatchery  
  113  14:44  Lurker  
  115  14:47  Roach x3  
  115  14:51  Zerg Missile Weapons Level 1  
  121  14:58  Overlord x4  
  121  15:01  Overseer  
  108  15:35  Zergling x24  
  62  16:19  Baneling Nest  
  61  16:31  Zerg Melee Weapons Level 3  
  61  16:36  Zerg Ground Armor Level 3  
  61  16:37  Zergling x28  
  75  16:44  Drone x2  
  79  16:48  Zergling x4  
  79  16:49  Zergling x6  
  84  17:01  Zergling x6  
  84  17:06  Zergling x4  
  88  17:10  Zergling x2  
  73  17:37  Nydus Canal  
  71  17:42  Zergling x18  
  79  17:45  Hydralisk  
  81  17:54  Overlord  
  81  17:57  Overseer x2  
  81  18:03  Zergling x4  
  81  18:04  Zergling x4  
  84  18:06  Zergling x2  
  85  18:13  Zergling x2  
  79  18:30  Zergling x14  
  86  18:37  Nydus Canal  
  81  18:59  Zergling x18  
  81  19:02  Nydus Canal  
  74  19:12  Zergling x14  
  76  19:20  Nydus Canal  
  76  19:26  Nydus Canal  
  76  19:51  Nydus Canal  
  66  20:04  Zergling x6  
  66  20:05  Zergling x28  
  74  20:07  Nydus Canal  
  74  20:20  Zergling x6  
Show
View Real Time Build Order
Export as new Build Order

Cyrus Zerg - Winner!

Build Orders: Hatch First, Roach Nydus 

Get SALT Encoding   

  12  0:01  Drone  
  13  0:08  Drone  
  14  0:21  Overlord  
  14  0:39  Drone x2  
  14  0:40  Drone  
  17  0:57  Drone  
  17  1:00  Hatchery  
  17  1:03  Drone  
  18  1:16  Spawning Pool  
  17  1:18  Drone, Extractor  
  17  1:23  Extractor  
  16  1:32  Drone  
  17  1:35  Drone  
  18  1:46  Drone  
  19  1:57  Drone  
  20  2:07  Drone  
  21  2:14  Queen, Drone  
  24  2:17  Queen  
  24  2:22  Drone  
  27  2:27  Roach Warren  
  27  2:30  Drone  
  27  2:35  Overlord  
  27  2:47  Metabolic Boost  
  27  3:09  Roach  
  27  3:10  Roach x3  
  35  3:16  Lair  
  35  3:21  Drone  
  36  3:36  Overlord  
  36  3:40  Overlord  
  36  3:55  Extractor  
  35  3:58  Drone x2  
  35  3:59  Roach x2  
  35  4:00  Roach  
  35  4:01  Overlord  
  43  4:14  Nydus Network  
  43  4:15  Drone x2  
  44  4:27  Roach x3  
  50  4:40  Roach  
  50  4:41  Overlord  
  52  4:48  Glial Reconstitution  
  52  4:53  Nydus Canal  
  52  5:02  Roach x4  
  60  5:31  Overlord x4  
  60  5:32  Overlord  
  56  5:57  Hydralisk Den  
  55  6:06  Drone  
  55  6:07  Drone x6  
  62  6:13  Extractor  
  61  6:36  Hydralisk x2  
  61  6:37  Hydralisk x7  
  79  6:42  Grooved Spines  
  79  6:45  Drone  
  80  6:50  Drone x2  
  82  7:11  Hatchery  
  79  7:33  Hydralisk x3  
  79  7:34  Hydralisk x2  
  86  7:45  Hydralisk  
  86  7:46  Hydralisk  
  89  8:12  Hatchery  
  88  8:36  Drone x5  
  88  8:37  Drone  
  94  8:42  Muscular Augments  
  94  8:52  Extractor  
  94  8:53  Extractor  
  92  9:00  Burrow  
  92  9:01  Tunneling Claws  
  92  9:10  Drone x5  
  92  9:11  Drone  
  92  9:16  Queen  
  100  9:24  Queen  
  100  9:25  Drone x2  
  104  9:39  Nydus Canal  
  94  10:09  Overseer x4  
  93  10:36  Drone x6  
  93  10:37  Drone  
  92  11:28  Roach, Drone x2  
  92  11:29  Roach x2  
  92  11:30  Overlord x3  
  80  11:47  Hydralisk x4  
  80  11:48  Hydralisk x5  
  70  12:26  Hatchery, Hydralisk x6  
  70  12:27  Hydralisk x2  
  85  12:30  Lurker Den, Hatchery  
  85  12:35  Evolution Chamber  
  82  12:38  Evolution Chamber  
  82  12:43  Evolution Chamber  
  81  12:46  Hydralisk  
  81  12:47  Hydralisk x2  
  81  12:48  Queen  
  89  13:05  Zerg Missile Weapons Level 1  
  89  13:06  Zerg Melee Weapons Level 1  
  89  13:09  Zerg Ground Armor Level 1  
  89  13:10  Drone x2  
  89  13:11  Drone  
  66  13:50  Hydralisk  
  66  13:51  Hydralisk x7  
  68  14:03  Drone x6  
  68  14:04  Queen  
  76  14:27  Drone x5  
  81  14:39  Queen  
  81  14:42  Lurker Den  
  81  14:44  Spire  
  82  14:50  Pneumatized Carapace  
  82  15:14  Hydralisk x5  
  82  15:15  Hydralisk x5  
  102  15:25  Hydralisk x4  
  110  15:35  Infestation Pit  
  109  15:43  Hydralisk x4  
  105  16:02  Hydralisk x4  
  105  16:03  Hydralisk x4  
  113  16:20  Overlord x4  
  113  16:21  Overlord  
  113  16:51  Hatchery  
  106  17:06  Lurker x5  
  111  17:15  Hydralisk x5  
  111  17:16  Hydralisk x5  
  111  17:17  Zergling x4  
  125  17:38  Hydralisk x2  
  125  17:39  Hydralisk x2  
  125  17:41  Hydralisk  
  135  18:10  Hydralisk x6  
  135  18:11  Hydralisk  
  145  18:38  Hydralisk x3  
  135  19:04  Hydralisk x2  
  135  19:05  Hydralisk x2  
  135  19:12  Zergling x6  
  138  19:36  Hydralisk x3  
  144  19:39  Nydus Canal  
  122  20:15  Hydralisk x2  
Show
View Real Time Build Order
Export as new Build Order

Wolf Protoss - Winner!

Build Orders: 1 Gate Expand, Oracle Opening, Carriers 

Get SALT Encoding   

  1  0:00  Probe  
  13  0:07  Probe  
  14  0:17  Probe  
  15  0:25  Pylon  
  15  0:43  Probe  
  15  0:47  Gateway  
  16  0:54  Probe  
  17  1:02  Probe  
  17  1:10  Probe  
  19  1:20  Nexus  
  19  1:24  Probe  
  20  1:36  Probe  
  21  1:40  Assimilator  
  21  1:44  Cybernetics Core  
  21  1:48  Probe  
  21  1:50  Pylon  
  22  2:08  Zealot  
  24  2:11  Assimilator  
  24  2:16  Gateway  
  24  2:21  Pylon, Probe  
  25  2:33  Probe x2  
  27  2:46  Gateway  
  27  2:51  Probe  
  28  2:52  Probe  
  28  2:53  Shield Battery  
  29  3:02  Stargate  
  29  3:13  Stalker  
  29  3:16  Probe  
  32  3:26  Probe x2  
  32  3:34  Probe x2  
  34  3:38  Warp Gate  
  34  3:40  Oracle  
  36  3:43  Probe x2  
  36  3:44  Forge  
  41  3:57  Probe x2  
  43  4:05  Pylon  
  43  4:17  Phoenix  
  43  4:18  Probe x2  
  46  4:30  Probe  
  41  4:44  Probe, Photon Cannon  
  41  4:46  Photon Cannon  
  41  4:47  Probe  
  41  4:52  Probe  
  42  4:59  Probe  
  44  5:01  Probe  
  45  5:11  Probe  
  46  5:23  Probe  
  46  5:25  Protoss Ground Weapons Level 1  
  47  5:33  Stalker x3  
  53  5:36  Probe  
  53  5:37  Probe  
  55  5:43  Assimilator  
  55  5:47  Assimilator  
  55  5:49  Pylon, Probe x2  
  57  6:01  Void Ray  
  61  6:11  Gateway  
  61  6:13  Twilight Council  
  61  6:15  Shield Battery  
  61  6:16  Pylon  
  61  6:18  Pylon  
  61  6:20  Shield Battery  
  61  6:25  Photon Cannon x2  
  61  6:30  Photon Cannon  
  61  6:41  Blink  
  61  6:44  Phoenix  
  61  6:46  Pylon  
  63  6:48  Stalker  
  63  6:49  Stalker x2  
  69  7:03  Probe x2  
  71  7:09  Phoenix  
  71  7:15  Probe x2  
  75  7:16  Pylon  
  75  7:18  Stalker x3  
  78  7:42  Pylon  
  78  8:02  Stalker x2  
  78  8:03  Stalker x2  
  86  8:18  Protoss Ground Weapons Level 2  
  86  8:22  Phoenix  
  88  8:38  Pylon  
  88  8:40  Robotics Facility  
  88  8:42  Charge  
  88  8:43  Pylon, Templar Archives  
  88  8:45  Phoenix  
  90  8:51  Assimilator  
  90  8:58  Nexus  
  90  9:15  Void Ray  
  94  9:30  Shield Battery, Probe x2  
  96  9:31  Shield Battery  
  96  9:32  Photon Cannon  
  96  9:34  Photon Cannon  
  96  9:42  Probe  
  96  9:43  Probe  
  98  10:13  Stalker x2  
  98  10:14  Stalker, Observer  
  104  10:18  Photon Cannon  
  105  10:28  Protoss Ground Weapons Level 3, Assimilator  
  105  10:32  Pylon, Observer  
  106  10:49  Probe x2  
  108  10:50  Protoss Air Weapons Level 1, Probe  
  109  11:01  Probe  
  109  11:02  Probe x2  
  112  11:06  Fleet Beacon  
  112  11:10  Stargate  
  112  11:12  Stargate  
  112  11:13  Probe  
  112  11:14  Probe x2  
  112  11:15  Pylon  
  112  11:16  Stalker x2  
  112  11:17  Stalker x2  
  123  11:25  Gateway  
  123  11:26  Probe x2  
  123  11:27  Gateway  
  125  12:00  Pylon, Tempest x3  
  125  12:02  Pylon  
  125  12:10  Pylon  
  139  12:49  Robotics Facility  
  139  12:50  Robotics Bay  
  139  12:52  Carrier x3  
  139  12:54  Zealot x5  
  139  12:55  Zealot  
  169  13:09  Probe x3  
  172  13:15  Nexus  
  172  13:16  Pylon  
  172  13:19  Pylon  
  172  13:23  Stalker  
  172  13:24  Stalker x3  
  131  13:46  Tempest x2  
  106  13:48  Zealot  
  106  13:49  Zealot x5  
  114  13:55  Tempest  
  129  14:06  Probe x2  
  129  14:07  Probe  
  132  14:33  Shield Battery  
  132  14:34  Shield Battery  
  132  14:38  Tempest  
  132  14:40  Shield Battery  
  132  14:42  Carrier  
  132  14:43  Shield Battery, High Templar x3  
  132  14:44  High Templar x2, Assimilator  
  153  14:46  Assimilator  
  153  14:47  Archon  
  153  14:48  Archon  
  153  14:59  High Templar  
  155  15:06  Archon  
  155  15:08  Tempest  
  160  15:23  Zealot x3  
  160  15:24  Zealot x2  
  170  15:35  Extended Thermal Lance  
  170  15:36  Colossus  
  172  15:57  Zealot  
  172  15:58  Zealot x5  
  146  16:14  Carrier x2, Tempest  
  148  16:28  Zealot x6  
  156  16:54  Zealot x2  
  150  16:57  Tempest  
  157  17:10  Nexus, Zealot x4  
  157  17:11  Assimilator  
  157  17:13  Pylon  
  157  17:14  Assimilator  
  163  17:17  Tempest  
  163  17:18  Pylon  
  164  17:23  Zealot  
  164  17:24  Zealot  
  166  17:39  Protoss Air Weapons Level 2  
  166  17:44  Tempest x2  
  176  18:00  Tempest  
  181  18:06  Zealot x5  
  172  18:20  Zealot  
  172  18:26  Tempest  
  170  18:35  Zealot  
  170  18:36  Zealot x4  
  177  18:43  Zealot  
  167  19:02  Observer  
  168  19:23  Observer  
  169  19:31  Nexus  
  169  19:34  Pylon  
  169  19:36  Pylon  
  169  19:40  Probe x3  
  172  19:52  Probe  
  173  20:21  Photon Cannon  
  173  20:24  Photon Cannon  
  173  20:28  Photon Cannon  
  173  20:31  Shield Battery  
Tags
 
Add a new tag
Caveats
  • Supply blocks, unpowered buildings, or Contaminate may cause inaccurate times.
  • Supply counts are checked every 10 seconds.